[ AOE2 MATCH · #481949185 ]
Team RMBurgundians vs Dravidians
[ REPLAY ANALYSIS · EXTRACTED FROM THE RECORDED GAME ]
Feudal
12:38
Castle
18:41
Imperial
31:20
| APM avg | 13.6 |
| APM peak | 38 |
| eAPM avg | 11.1 |
| Villagers / military | 145 / 90 |
Focus
⚔️ 19.1% · 🌾 80.9%
Knight ×87 · Trebuchet (Packed) ×3
Feudal
15:40
Castle
22:05
Imperial
32:57
| APM avg | 13.5 |
| APM peak | 31 |
| eAPM avg | 11.5 |
| Villagers / military | 152 / 62 |
Focus
⚔️ 12.2% · 🌾 87.8%
Cataphract ×62
Feudal
11:12
Castle
18:38
Imperial
36:56
| APM avg | 15.2 |
| APM peak | 37 |
| eAPM avg | 12.5 |
| Villagers / military | 113 / 197 |
Focus
⚔️ 20.0% · 🌾 80.0%
Huskarl ×183 · Spearman ×14 · Trade Cart ×3
Feudal
10:12
Castle
19:07
Imperial
32:50
| APM avg | 17.5 |
| APM peak | 44 |
| eAPM avg | 13.4 |
| Villagers / military | 148 / 133 |
Focus
⚔️ 24.8% · 🌾 75.2%
Spearman ×69 · Cataphract ×49 · Militia ×7 · Battering Ram ×6 · Trebuchet (Packed) ×2
Feudal
12:56
Castle
21:18
Imperial
—
| APM avg | 11.6 |
| APM peak | 32 |
| eAPM avg | 8.5 |
| Villagers / military | 91 / 15 |
Focus
⚔️ 18.2% · 🌾 81.8%
Hussite Wagon ×8 · Spearman ×5 · Mangonel ×1 · Militia ×1
Feudal
10:29
Castle
17:22
Imperial
—
| APM avg | 28.9 |
| APM peak | 69 |
| eAPM avg | 13.2 |
| Villagers / military | 46 / 66 |
Focus
⚔️ 34.9% · 🌾 65.1%
Spearman ×47 · Hussite Wagon ×14 · Battering Ram ×3 · Knight ×2
Feudal
15:20
Castle
20:01
Imperial
—
| APM avg | 25.0 |
| APM peak | 64 |
| eAPM avg | 14.8 |
| Villagers / military | 107 / 84 |
Focus
⚔️ 28.3% · 🌾 71.7%
Knight ×74 · Battering Ram ×7 · Militia ×3
Feudal
—
Castle
—
Imperial
—
| APM avg | 3.7 |
| APM peak | 49 |
| eAPM avg | 2.8 |
| Villagers / military | 62 / 0 |
Focus
⚔️ 10.7% · 🌾 89.3%
Match map
Initial resources + every placement click. Lines = walls · curves = elevation contours. ◆ gold · ⬟ stone · ● berries · ✦ relic · ◌ wall gap
Your base· ✓ Closed at 18:41 · 0t walls · 3 gate(s)
mnich_bor's base· ✓ Closed at 22:05 · 0t walls · 2 gate(s)
dhl's base· ✓ Closed at 18:38 · 0t walls · 3 gate(s)
matejzrno55's base· ✓ Closed at 19:07 · 0t walls · 2 gate(s)
Kindy's base· ✓ Closed at 21:18 · 6t walls · 2 gate(s)
Calamar100pre's base· ✓ Closed at 17:22 · 0t walls · 3 gate(s)
Raposao_SP's base· ✓ Closed at 20:01 · 0t walls · 3 gate(s)
tldr(crispy_burrito69)'s base· ✓ Closed at 12:00 · 0t walls · 2 gate(s)
Smoothed initial terrain · ◌ = detected wall gap · hover for details
Inputs per minute
— KetamineKNakker - - mnich_bor
Build order — KetamineKNakker
First 150 of 239 actions detected
| 0:03 | Create | Villager (Male) ×4 |
| 0:03 | Create | Villager (Male) ×4 |
| 0:05 | Build | House |
| 0:06 | Build | House |
| 1:37 | Create | Villager (Male) |
| 1:38 | Create | Villager (Male) |
| 2:09 | Create | Villager (Male) |
| 2:10 | Create | Villager (Male) |
| 2:23 | Create | Villager (Male) |
| 2:23 | Create | Villager (Male) |
| 2:44 | Build | House |
| 2:45 | Build | House |
| 2:52 | Build | House |
| 2:59 | Create | Villager (Male) |
| 3:22 | Create | Villager (Male) |
| 3:23 | Create | Villager (Male) |
| 3:50 | Create | Villager (Male) |
| 3:50 | Create | Villager (Male) |
| 4:32 | Create | Villager (Male) |
| 5:10 | Create | Villager (Male) |
| 5:10 | Create | Villager (Male) |
| 5:22 | Build | Lumber Camp |
| 5:38 | Create | Villager (Male) |
| 5:39 | Create | Villager (Male) |
| 5:39 | Create | Villager (Male) |
| 6:11 | Create | Villager (Male) |
| 6:12 | Create | Villager (Male) |
| 6:39 | Create | Villager (Male) |
| 6:39 | Create | Villager (Male) |
| 6:41 | Create | Villager (Male) |
| 6:41 | Create | Villager (Male) |
| 6:52 | Research | Double-Bit Axe |
| 7:28 | Create | Villager (Male) ×2 |
| 7:42 | Build | Mill |
| 7:56 | Build | Mill |
| 8:42 | Create | Villager (Male) |
| 8:42 | Create | Villager (Male) |
| 8:42 | Create | Villager (Male) |
| 8:43 | Create | Villager (Male) |
| 8:43 | Create | Villager (Male) |
| 10:03 | Build | Mining Camp |
| 10:28 | Research | Feudal Age |
| 10:55 | Research | Horse Collar |
| 11:08 | Build | House |
| 11:10 | Build | House |
| 11:11 | Build | House |
| 11:16 | Build | House |
| 12:26 | Create | Villager (Male) |
| 12:27 | Create | Villager (Male) |
| 12:27 | Create | Villager (Male) |
| 12:29 | Create | Villager (Male) |
| 12:38 | Age | Feudal Age |
| 12:45 | Build | Market |
| 12:48 | Build | Blacksmith |
| 13:04 | Build | Farm |
| 13:05 | Build | Farm |
| 13:05 | Build | Farm |
| 13:06 | Build | Farm |
| 13:07 | Build | Farm |
| 13:07 | Build | Farm |
| 13:15 | Build | Farm |
| 13:16 | Build | Farm |
| 13:17 | Build | Farm |
| 13:18 | Build | Farm |
| 14:00 | Create | Villager (Male) |
| 14:00 | Create | Villager (Male) |
| 14:07 | Build | Farm |
| 14:08 | Build | Farm |
| 14:08 | Build | Farm |
| 14:09 | Build | Farm |
| 14:20 | Create | Villager (Male) |
| 15:31 | Create | Villager (Male) |
| 16:01 | Research | Castle Age |
| 16:08 | Build | Farm |
| 16:08 | Build | Farm |
| 16:09 | Build | Farm |
| 16:09 | Build | Farm |
| 16:10 | Build | Farm |
| 16:11 | Build | Farm |
| 16:12 | Build | Farm |
| 16:17 | Build | Farm |
| 16:26 | Research | Bow Saw |
| 16:49 | Research | Heavy Plow |
| 18:15 | Create | Villager (Male) |
| 18:16 | Create | Villager (Male) |
| 18:16 | Create | Villager (Male) |
| 18:41 | Age | Castle Age |
| 18:44 | Build | Town Center |
| 19:13 | Create | Villager (Male) |
| 19:14 | Create | Villager (Male) |
| 19:23 | Build | Town Center |
| 19:37 | Create | Villager (Male) |
| 20:24 | Create | Villager (Male) ×5 |
| 21:04 | Build | Town Center |
| 21:14 | Create | Villager (Male) ×5 |
| 21:27 | Create | Villager (Male) ×5 |
| 22:35 | Build | Town Center |
| 22:51 | Build | Town Center |
| 22:59 | Create | Villager (Male) ×5 |
| 23:00 | Create | Villager (Male) ×5 |
| 23:12 | Build | Farm |
| 23:13 | Build | Farm |
| 23:13 | Build | Farm |
| 23:14 | Build | Farm |
| 23:15 | Build | Farm |
| 23:15 | Build | Farm |
| 23:27 | Build | House |
| 23:28 | Build | House |
| 23:28 | Build | House |
| 23:38 | Build | House |
| 23:39 | Build | House |
| 23:40 | Build | House |
| 23:41 | Build | House |
| 23:42 | Build | House |
| 23:43 | Build | House |
| 23:44 | Build | House |
| 23:46 | Build | House |
| 23:50 | Create | Villager (Male) ×5 |
| 24:54 | Create | Villager (Male) ×5 |
| 24:55 | Create | Villager (Male) ×5 |
| 25:14 | Create | Villager (Male) ×5 |
| 25:42 | Build | Lumber Camp |
| 25:44 | Research | Two-Man Saw |
| 25:51 | Build | University |
| 25:56 | Build | Monastery |
| 26:00 | Create | Villager (Male) ×5 |
| 26:00 | Create | Villager (Male) ×5 |
| 26:05 | Research | Loom |
| 26:05 | Research | Wheelbarrow |
| 26:06 | Research | Town Watch |
| 26:19 | Build | House |
| 26:20 | Build | House |
| 26:22 | Build | House |
| 26:24 | Build | House |
| 26:27 | Build | House |
| 26:28 | Build | House |
| 26:29 | Build | House |
| 26:30 | Build | House |
| 26:31 | Build | House |
| 26:32 | Build | House |
| 26:36 | Create | Villager (Male) ×5 |
| 26:37 | Create | Villager (Male) ×5 |
| 26:37 | Create | Villager (Male) ×5 |
| 27:46 | Build | Farm |
| 27:50 | Build | Farm |
| 27:50 | Build | Farm |
| 27:51 | Build | Farm |
| 27:53 | Build | Farm |
| 27:55 | Build | Farm |
| 27:58 | Build | Farm |
Build order — mnich_bor
First 150 of 287 actions detected
| 0:10 | Create | Villager (Male) ×4 |
| 0:10 | Create | Villager (Male) ×4 |
| 0:15 | Build | House |
| 1:36 | Create | Villager (Male) |
| 1:54 | Research | Loom |
| 2:16 | Create | Villager (Male) |
| 2:17 | Create | Villager (Male) |
| 2:23 | Build | House |
| 2:24 | Build | House |
| 2:25 | Build | House |
| 2:26 | Build | House |
| 2:28 | Build | House |
| 2:29 | Build | House |
| 2:30 | Build | House |
| 2:40 | Create | Villager (Male) |
| 2:41 | Create | Villager (Male) |
| 2:41 | Create | Villager (Male) |
| 3:01 | Create | Villager (Male) |
| 3:01 | Create | Villager (Male) |
| 3:41 | Create | Villager (Male) |
| 3:41 | Create | Villager (Male) |
| 3:41 | Create | Villager (Male) |
| 3:42 | Create | Villager (Male) |
| 4:32 | Create | Villager (Male) |
| 4:33 | Create | Villager (Male) |
| 4:33 | Create | Villager (Male) |
| 4:33 | Create | Villager (Male) |
| 5:38 | Create | Villager (Male) |
| 5:38 | Create | Villager (Male) |
| 5:38 | Create | Villager (Male) |
| 6:48 | Create | Villager (Male) ×5 |
| 6:48 | Create | Villager (Male) ×5 |
| 6:49 | Create | Villager (Male) |
| 7:21 | Build | Mill |
| 8:01 | Create | Villager (Male) |
| 8:02 | Create | Villager (Male) |
| 8:02 | Create | Villager (Male) |
| 8:02 | Create | Villager (Male) |
| 8:02 | Create | Villager (Male) |
| 8:03 | Create | Villager (Male) |
| 8:04 | Create | Villager (Male) |
| 8:11 | Build | Lumber Camp |
| 10:13 | Build | Farm |
| 10:14 | Build | Farm |
| 10:15 | Build | Farm |
| 10:17 | Build | Farm |
| 10:18 | Build | Farm |
| 10:19 | Build | Farm |
| 10:45 | Build | Farm |
| 10:51 | Create | Villager (Male) |
| 10:52 | Create | Villager (Male) |
| 11:50 | Create | Villager (Male) |
| 11:50 | Create | Villager (Male) |
| 11:52 | Research | Feudal Age |
| 13:15 | Build | Mining Camp |
| 13:19 | Create | Villager (Male) |
| 13:19 | Create | Villager (Male) |
| 13:42 | Build | Farm |
| 13:44 | Build | Farm |
| 13:45 | Build | Farm |
| 13:49 | Build | Farm |
| 13:55 | Build | Farm |
| 14:31 | Build | Farm |
| 14:33 | Build | Farm |
| 14:35 | Build | Farm |
| 14:37 | Build | Farm |
| 14:38 | Build | Farm |
| 14:41 | Build | Farm |
| 15:40 | Age | Feudal Age |
| 16:19 | Build | Barracks |
| 16:24 | Create | Villager (Male) |
| 16:24 | Create | Villager (Male) |
| 16:30 | Research | Horse Collar |
| 16:40 | Build | Blacksmith |
| 16:52 | Create | Villager (Male) |
| 17:27 | Build | Stable |
| 17:36 | Research | Forging |
| 17:36 | Research | Scale Mail Armor |
| 17:36 | Research | Fletching |
| 17:37 | Research | Padded Archer Armor |
| 17:38 | Research | Scale Barding Armor |
| 17:43 | Create | Villager (Male) |
| 17:44 | Create | Villager (Male) |
| 17:45 | Create | Villager (Male) |
| 17:49 | Create | Villager (Male) |
| 17:57 | Research | Double-Bit Axe |
| 18:09 | Build | Mining Camp |
| 18:17 | Build | House |
| 18:18 | Build | House |
| 18:19 | Build | House |
| 18:20 | Build | House |
| 18:43 | Build | Farm |
| 18:44 | Build | Farm |
| 18:48 | Research | Castle Age |
| 19:14 | Research | Wheelbarrow |
| 19:22 | Research | Stone Mining |
| 19:24 | Research | Gold Mining |
| 19:43 | Build | House |
| 19:44 | Build | House |
| 19:52 | Build | Farm |
| 20:04 | Build | Farm |
| 20:16 | Build | Farm |
| 20:25 | Build | Farm |
| 20:44 | Build | Farm |
| 20:50 | Build | House |
| 20:51 | Build | House |
| 20:54 | Build | House |
| 20:56 | Build | House |
| 20:59 | Build | House |
| 22:05 | Age | Castle Age |
| 22:09 | Build | Town Center |
| 22:15 | Research | Iron Casting |
| 22:22 | Create | Villager (Male) |
| 22:22 | Create | Villager (Male) |
| 22:22 | Create | Villager (Male) |
| 23:10 | Build | Town Center |
| 23:22 | Create | Villager (Male) |
| 23:22 | Create | Villager (Male) |
| 23:22 | Create | Villager (Male) |
| 23:23 | Create | Villager (Male) |
| 24:20 | Build | Town Center |
| 24:36 | Create | Villager (Male) |
| 24:37 | Create | Villager (Male) |
| 24:37 | Create | Villager (Male) |
| 24:37 | Create | Villager (Male) |
| 24:39 | Create | Villager (Male) |
| 24:39 | Create | Villager (Male) |
| 25:14 | Create | Villager (Male) ×5 |
| 25:29 | Build | Farm |
| 25:31 | Build | Farm |
| 25:46 | Build | Farm |
| 25:57 | Build | Farm |
| 26:00 | Create | Villager (Male) |
| 26:00 | Create | Villager (Male) |
| 26:00 | Create | Villager (Male) |
| 26:00 | Create | Villager (Male) |
| 26:14 | Create | Villager (Male) |
| 26:14 | Create | Villager (Male) |
| 26:15 | Create | Villager (Male) |
| 26:15 | Create | Villager (Male) |
| 26:22 | Build | Farm |
| 26:27 | Create | Villager (Male) |
| 26:27 | Create | Villager (Male) |
| 26:30 | Create | Villager (Male) |
| 26:31 | Create | Villager (Male) |
| 26:34 | Create | Villager (Male) |
| 26:34 | Create | Villager (Male) |
| 26:34 | Create | Villager (Male) |
| 26:40 | Build | Farm |
| 27:09 | Build | Castle |
Build order — dhl
First 150 of 302 actions detected
| 0:03 | Create | Villager (Male) |
| 0:03 | Create | Villager (Male) |
| 0:03 | Create | Villager (Male) |
| 0:03 | Create | Villager (Male) |
| 0:05 | Build | House |
| 0:05 | Build | House |
| 0:06 | Build | House |
| 0:49 | Research | Loom |
| 1:41 | Create | Villager (Male) |
| 1:42 | Create | Villager (Male) |
| 2:07 | Create | Villager (Male) |
| 2:07 | Create | Villager (Male) |
| 2:21 | Create | Villager (Male) |
| 2:22 | Create | Villager (Male) |
| 2:57 | Create | Villager (Male) |
| 2:57 | Create | Villager (Male) |
| 3:24 | Create | Villager (Male) |
| 3:25 | Create | Villager (Male) |
| 3:25 | Create | Villager (Male) |
| 3:27 | Create | Villager (Male) |
| 3:27 | Create | Villager (Male) |
| 4:09 | Create | Villager (Male) |
| 4:09 | Create | Villager (Male) |
| 4:09 | Create | Villager (Male) |
| 4:22 | Build | Mill |
| 4:30 | Create | Villager (Male) |
| 4:30 | Create | Villager (Male) |
| 4:42 | Create | Villager (Male) |
| 4:43 | Create | Villager (Male) |
| 4:46 | Build | House |
| 4:48 | Build | House |
| 4:48 | Build | House |
| 5:05 | Create | Villager (Male) |
| 5:05 | Create | Villager (Male) |
| 5:07 | Create | Villager (Male) |
| 5:07 | Create | Villager (Male) |
| 5:21 | Create | Villager (Male) |
| 5:22 | Create | Villager (Male) |
| 6:34 | Build | Lumber Camp |
| 7:47 | Create | Villager (Male) |
| 7:48 | Create | Villager (Male) |
| 7:48 | Create | Villager (Male) |
| 7:48 | Create | Villager (Male) |
| 7:48 | Create | Villager (Male) |
| 7:52 | Create | Villager (Male) |
| 7:53 | Create | Villager (Male) |
| 8:38 | Build | Mining Camp |
| 8:56 | Build | Mining Camp |
| 8:58 | Create | Villager (Male) |
| 9:01 | Research | Feudal Age |
| 9:50 | Create | Villager (Male) |
| 9:51 | Create | Villager (Male) |
| 9:51 | Create | Villager (Male) |
| 9:51 | Create | Villager (Male) |
| 11:05 | Create | Villager (Male) |
| 11:12 | Age | Feudal Age |
| 11:27 | Build | Market |
| 11:31 | Build | Blacksmith |
| 11:41 | Build | Farm |
| 12:00 | Build | Farm |
| 12:02 | Build | Farm |
| 12:05 | Build | Farm |
| 12:21 | Create | Villager (Male) |
| 12:21 | Create | Villager (Male) |
| 12:27 | Research | Double-Bit Axe |
| 13:21 | Build | Farm |
| 13:39 | Create | Villager (Male) |
| 13:44 | Research | Horse Collar |
| 13:47 | Build | Farm |
| 14:11 | Build | Farm |
| 14:23 | Build | Farm |
| 14:34 | Build | Farm |
| 14:47 | Build | Farm |
| 15:08 | Create | Villager (Male) |
| 15:08 | Create | Villager (Male) |
| 15:19 | Build | House |
| 15:20 | Build | House |
| 15:20 | Build | House |
| 15:21 | Build | House |
| 15:21 | Build | House |
| 15:37 | Build | Farm |
| 15:55 | Research | Castle Age |
| 16:03 | Build | Farm |
| 16:18 | Research | Stone Mining |
| 17:22 | Research | Gold Mining |
| 17:25 | Build | House |
| 17:26 | Build | House |
| 17:27 | Build | House |
| 18:12 | Build | Barracks |
| 18:38 | Age | Castle Age |
| 18:47 | Create | Villager (Male) |
| 18:48 | Create | Villager (Male) |
| 19:56 | Build | Castle |
| 20:04 | Create | Villager (Male) |
| 20:04 | Create | Villager (Male) |
| 20:31 | Build | Town Center |
| 20:50 | Build | Farm |
| 21:12 | Create | Villager (Male) |
| 21:12 | Create | Villager (Male) |
| 21:12 | Create | Villager (Male) |
| 21:14 | Research | Wheelbarrow |
| 21:33 | Build | Town Center |
| 21:38 | Create | Villager (Male) |
| 21:38 | Create | Villager (Male) |
| 21:42 | Build | Farm |
| 21:53 | Research | Bow Saw |
| 21:55 | Create | Villager (Male) |
| 21:56 | Create | Villager (Male) |
| 21:56 | Create | Villager (Male) |
| 21:56 | Create | Villager (Male) |
| 22:11 | Build | Farm |
| 22:28 | Create | Villager (Male) |
| 22:31 | Build | Farm |
| 22:37 | Create | Huskarl ×4 |
| 22:37 | Create | Huskarl ×4 |
| 22:44 | Research | Forging |
| 22:50 | Build | Farm |
| 22:50 | Build | Farm |
| 22:59 | Create | Villager (Male) |
| 22:59 | Create | Villager (Male) |
| 23:15 | Create | Villager (Male) |
| 23:15 | Create | Villager (Male) |
| 23:15 | Create | Villager (Male) |
| 23:15 | Create | Villager (Male) |
| 23:32 | Build | Farm |
| 23:43 | Create | Villager (Male) |
| 23:43 | Create | Villager (Male) |
| 24:01 | Research | Heavy Plow |
| 24:12 | Build | Farm |
| 24:31 | Build | Farm |
| 24:54 | Build | Farm |
| 25:04 | Research | Pikeman (upgrade) |
| 25:05 | Research | Squires |
| 25:10 | Create | Villager (Male) |
| 25:11 | Create | Villager (Male) |
| 25:36 | Build | Farm |
| 25:38 | Create | Villager (Male) |
| 25:39 | Create | Villager (Male) |
| 25:39 | Create | Villager (Male) |
| 25:41 | Create | Villager (Male) |
| 25:41 | Create | Villager (Male) |
| 25:43 | Create | Villager (Male) |
| 25:43 | Create | Villager (Male) |
| 25:43 | Create | Villager (Male) |
| 25:58 | Create | Huskarl |
| 25:58 | Create | Huskarl |
| 25:58 | Create | Huskarl |
| 26:11 | Create | Villager (Male) |
| 26:12 | Create | Villager (Male) |
| 26:23 | Build | Farm |
Build order — matejzrno55
First 150 of 353 actions detected
| 0:02 | Create | Villager (Male) |
| 0:02 | Create | Villager (Male) |
| 0:02 | Create | Villager (Male) |
| 0:03 | Create | Villager (Male) |
| 0:03 | Create | Villager (Male) |
| 0:04 | Build | House |
| 0:04 | Build | House |
| 0:08 | Build | House |
| 0:08 | Build | House |
| 0:50 | Research | Loom |
| 0:53 | Build | House |
| 1:33 | Build | Mill |
| 1:36 | Create | Villager (Male) |
| 2:20 | Create | Villager (Male) |
| 2:20 | Create | Villager (Male) |
| 2:57 | Create | Villager (Male) |
| 2:57 | Create | Villager (Male) |
| 2:57 | Create | Villager (Male) |
| 3:16 | Create | Villager (Male) |
| 3:17 | Create | Villager (Male) |
| 3:39 | Create | Villager (Male) |
| 3:39 | Create | Villager (Male) |
| 4:19 | Create | Villager (Male) |
| 4:19 | Create | Villager (Male) |
| 4:45 | Create | Villager (Male) |
| 4:45 | Create | Villager (Male) |
| 5:28 | Build | Lumber Camp |
| 5:32 | Create | Villager (Male) |
| 5:32 | Create | Villager (Male) |
| 5:42 | Create | Villager (Male) |
| 5:42 | Create | Villager (Male) |
| 5:43 | Create | Villager (Male) |
| 5:43 | Create | Villager (Male) |
| 7:23 | Create | Villager (Male) |
| 8:02 | Research | Feudal Age |
| 8:34 | Create | Villager (Male) |
| 8:35 | Create | Villager (Male) |
| 8:35 | Create | Villager (Male) |
| 8:43 | Create | Villager (Male) |
| 8:43 | Create | Villager (Male) |
| 8:43 | Create | Villager (Male) |
| 9:36 | Build | House |
| 10:04 | Create | Villager (Male) |
| 10:12 | Age | Feudal Age |
| 10:14 | Research | Double-Bit Axe |
| 10:16 | Research | Horse Collar |
| 10:24 | Research | Wheelbarrow |
| 10:28 | Create | Villager (Male) |
| 10:28 | Create | Villager (Male) |
| 10:28 | Create | Villager (Male) |
| 10:46 | Build | Mining Camp |
| 11:08 | Build | Market |
| 11:27 | Build | Blacksmith |
| 11:57 | Create | Villager (Male) |
| 11:58 | Create | Villager (Male) |
| 11:58 | Create | Villager (Male) |
| 11:59 | Create | Villager (Male) |
| 11:59 | Create | Villager (Male) |
| 12:20 | Build | Farm |
| 12:34 | Build | Farm |
| 12:35 | Build | Farm |
| 12:45 | Build | Farm |
| 13:16 | Build | Farm |
| 13:38 | Build | Farm |
| 13:55 | Build | House |
| 13:57 | Build | House |
| 13:59 | Build | Farm |
| 13:59 | Build | Farm |
| 14:02 | Create | Villager (Male) |
| 14:04 | Build | Farm |
| 14:27 | Build | Farm |
| 14:57 | Build | Farm |
| 15:00 | Create | Villager (Male) |
| 15:26 | Build | Farm |
| 15:27 | Build | Farm |
| 15:27 | Build | Farm |
| 15:28 | Build | Farm |
| 15:29 | Build | Farm |
| 15:36 | Create | Villager (Male) |
| 15:58 | Create | Villager (Male) |
| 16:06 | Build | Farm |
| 16:27 | Research | Castle Age |
| 16:33 | Build | Farm |
| 17:30 | Create | Villager (Male) |
| 17:31 | Create | Villager (Male) |
| 17:32 | Create | Villager (Male) |
| 17:32 | Create | Villager (Male) |
| 17:32 | Create | Villager (Male) |
| 17:32 | Create | Villager (Male) |
| 17:39 | Build | Mining Camp |
| 19:07 | Age | Castle Age |
| 19:10 | Build | Town Center |
| 19:31 | Build | Town Center |
| 19:41 | Create | Villager (Male) |
| 19:41 | Create | Villager (Male) |
| 19:42 | Create | Villager (Male) |
| 20:02 | Research | Bow Saw |
| 20:02 | Create | Villager (Male) |
| 20:02 | Create | Villager (Male) |
| 20:03 | Create | Villager (Male) |
| 20:03 | Create | Villager (Male) |
| 20:03 | Create | Villager (Male) |
| 20:04 | Create | Villager (Male) |
| 20:04 | Create | Villager (Male) |
| 20:04 | Create | Villager (Male) |
| 20:04 | Create | Villager (Male) |
| 20:26 | Create | Villager (Male) |
| 20:26 | Create | Villager (Male) |
| 20:27 | Create | Villager (Male) |
| 20:46 | Create | Villager (Male) |
| 20:54 | Research | Stone Mining |
| 21:12 | Create | Villager (Male) |
| 21:12 | Create | Villager (Male) |
| 21:12 | Create | Villager (Male) |
| 21:13 | Create | Villager (Male) |
| 21:13 | Create | Villager (Male) |
| 21:13 | Create | Villager (Male) |
| 21:26 | Create | Villager (Male) |
| 21:26 | Create | Villager (Male) |
| 21:26 | Create | Villager (Male) |
| 21:39 | Create | Villager (Male) |
| 21:39 | Create | Villager (Male) |
| 21:39 | Create | Villager (Male) |
| 21:40 | Create | Villager (Male) |
| 21:40 | Create | Villager (Male) |
| 22:06 | Build | Farm |
| 22:12 | Build | House |
| 22:14 | Build | House |
| 22:14 | Build | House |
| 22:14 | Build | House |
| 22:15 | Build | House |
| 22:15 | Build | House |
| 22:16 | Build | House |
| 22:16 | Build | House |
| 22:17 | Build | House |
| 22:17 | Build | House |
| 22:17 | Build | House |
| 22:18 | Build | House |
| 22:31 | Research | Stone Shaft Mining |
| 22:36 | Research | Gold Mining |
| 22:40 | Build | Farm |
| 22:57 | Research | Heavy Plow |
| 23:08 | Build | Farm |
| 23:29 | Build | Castle |
| 23:32 | Build | Farm |
| 23:56 | Build | Farm |
| 24:03 | Create | Villager (Male) |
| 24:03 | Create | Villager (Male) |
| 24:59 | Build | Castle |
| 25:04 | Build | Mining Camp |
Build order — Kindy
First 150 of 173 actions detected
| 0:03 | Build | House |
| 0:05 | Build | House |
| 0:07 | Create | Villager (Male) |
| 0:07 | Create | Villager (Male) |
| 0:07 | Create | Villager (Male) |
| 0:08 | Create | Villager (Male) |
| 0:08 | Create | Villager (Male) |
| 1:49 | Create | Villager (Male) |
| 1:49 | Create | Villager (Male) |
| 2:04 | Build | Lumber Camp |
| 2:09 | Create | Villager (Male) |
| 2:36 | Create | Villager (Male) |
| 3:06 | Create | Villager (Male) |
| 3:06 | Create | Villager (Male) |
| 3:39 | Build | Mill |
| 3:42 | Create | Villager (Male) |
| 4:07 | Create | Villager (Male) |
| 4:08 | Create | Villager (Male) |
| 4:36 | Create | Villager (Male) |
| 5:11 | Build | House |
| 5:14 | Create | Villager (Male) |
| 6:01 | Create | Villager (Male) |
| 6:02 | Create | Villager (Male) |
| 6:16 | Build | House |
| 6:25 | Build | Mill |
| 6:37 | Create | Villager (Male) |
| 6:42 | Create | Villager (Male) |
| 6:57 | Create | Villager (Male) |
| 7:11 | Create | Villager (Male) |
| 7:44 | Build | Mining Camp |
| 7:59 | Create | Villager (Male) |
| 8:50 | Build | House |
| 8:51 | Build | House |
| 8:55 | Create | Villager (Male) |
| 9:13 | Create | Villager (Male) |
| 9:42 | Create | Villager (Male) |
| 9:42 | Create | Villager (Male) |
| 10:13 | Create | Villager (Male) |
| 10:25 | Create | Villager (Male) |
| 10:36 | Build | Mining Camp |
| 10:39 | Research | Feudal Age |
| 11:02 | Create | Villager (Male) |
| 11:03 | Create | Villager (Male) |
| 11:54 | Create | Villager (Male) |
| 12:56 | Age | Feudal Age |
| 13:00 | Create | Villager (Male) |
| 13:15 | Research | Horse Collar |
| 13:17 | Research | Double-Bit Axe |
| 13:38 | Build | Farm |
| 13:39 | Build | Farm |
| 13:40 | Build | Farm |
| 13:42 | Build | Farm |
| 13:43 | Build | Farm |
| 13:45 | Build | Farm |
| 13:52 | Build | Farm |
| 13:55 | Create | Villager (Male) |
| 13:55 | Create | Villager (Male) |
| 14:46 | Build | Farm |
| 14:50 | Create | Villager (Male) |
| 14:51 | Create | Villager (Male) |
| 15:13 | Build | House |
| 15:13 | Build | House |
| 15:14 | Build | House |
| 15:14 | Build | House |
| 15:15 | Build | House |
| 15:17 | Build | House |
| 15:17 | Build | House |
| 15:18 | Build | House |
| 15:44 | Build | Farm |
| 15:46 | Create | Villager (Male) |
| 15:59 | Build | House |
| 16:28 | Build | Market |
| 16:52 | Build | Blacksmith |
| 17:03 | Build | Farm |
| 17:04 | Build | Farm |
| 17:05 | Build | Farm |
| 17:07 | Build | Farm |
| 17:08 | Build | Farm |
| 17:10 | Build | Farm |
| 17:19 | Build | Farm |
| 17:23 | Create | Villager (Male) |
| 17:23 | Create | Villager (Male) |
| 17:23 | Create | Villager (Male) |
| 18:01 | Build | Farm |
| 18:09 | Build | Farm |
| 18:12 | Create | Villager (Male) |
| 18:27 | Research | Castle Age |
| 18:38 | Build | Barracks |
| 18:51 | Build | Farm |
| 19:40 | Build | Barracks |
| 20:09 | Create | Villager (Male) |
| 20:09 | Create | Villager (Male) |
| 20:09 | Create | Villager (Male) |
| 20:10 | Create | Villager (Male) |
| 20:27 | Build | Stone Wall |
| 20:33 | Build | Stone Wall |
| 21:00 | Build | Stone Wall |
| 21:18 | Age | Castle Age |
| 21:28 | Build | Town Center |
| 21:32 | Research | Bow Saw |
| 21:53 | Build | Castle |
| 22:10 | Create | Villager (Male) |
| 22:10 | Create | Villager (Male) |
| 22:22 | Build | Town Center |
| 22:25 | Create | Villager (Male) |
| 22:53 | Create | Villager (Male) |
| 22:53 | Create | Villager (Male) |
| 22:54 | Create | Villager (Male) |
| 22:54 | Create | Villager (Male) |
| 22:54 | Create | Villager (Male) |
| 22:55 | Create | Villager (Male) |
| 22:55 | Create | Villager (Male) |
| 23:40 | Build | Siege Workshop |
| 23:52 | Build | Stone Wall |
| 24:43 | Create | Mangonel |
| 24:55 | Create | Hussite Wagon |
| 24:56 | Create | Hussite Wagon |
| 25:03 | Build | Stone Wall |
| 25:13 | Build | Stone Wall |
| 25:27 | Create | Villager (Male) |
| 25:27 | Create | Villager (Male) |
| 25:27 | Create | Villager (Male) |
| 25:51 | Create | Villager (Male) |
| 25:57 | Create | Villager (Male) |
| 25:57 | Create | Villager (Male) |
| 25:57 | Create | Villager (Male) |
| 25:58 | Create | Villager (Male) |
| 25:58 | Create | Villager (Male) |
| 25:58 | Create | Villager (Male) |
| 25:58 | Create | Villager (Male) |
| 25:59 | Create | Villager (Male) |
| 25:59 | Create | Villager (Male) |
| 26:01 | Create | Villager (Male) |
| 26:01 | Create | Villager (Male) |
| 26:02 | Create | Villager (Male) |
| 26:02 | Create | Villager (Male) |
| 26:02 | Create | Villager (Male) |
| 26:02 | Create | Villager (Male) |
| 26:03 | Create | Villager (Male) |
| 26:28 | Build | Castle |
| 27:09 | Research | Fletching |
| 27:10 | Research | Padded Archer Armor |
| 27:17 | Create | Hussite Wagon |
| 27:17 | Create | Hussite Wagon |
| 28:48 | Create | Villager (Male) |
| 28:48 | Create | Villager (Male) |
| 28:49 | Create | Villager (Male) |
| 29:09 | Create | Hussite Wagon |
| 29:10 | Create | Hussite Wagon |
| 29:23 | Build | Barracks |
Build order — Calamar100pre
First 150 of 169 actions detected
| 0:03 | Create | Villager (Male) |
| 0:04 | Create | Villager (Male) |
| 0:04 | Create | Villager (Male) |
| 0:04 | Create | Villager (Male) |
| 0:10 | Build | House |
| 0:51 | Build | House |
| 0:52 | Build | House |
| 0:54 | Build | House |
| 1:42 | Create | Villager (Male) |
| 1:42 | Create | Villager (Male) |
| 1:42 | Create | Villager (Male) |
| 1:43 | Create | Villager (Male) |
| 2:04 | Create | Villager (Male) |
| 2:05 | Create | Villager (Male) |
| 2:05 | Create | Villager (Male) |
| 2:37 | Build | Lumber Camp |
| 2:40 | Create | Villager (Male) |
| 2:40 | Create | Villager (Male) |
| 2:40 | Create | Villager (Male) |
| 3:01 | Create | Villager (Male) |
| 3:31 | Create | Villager (Male) |
| 3:31 | Create | Villager (Male) |
| 3:31 | Create | Villager (Male) |
| 4:26 | Create | Villager (Male) |
| 4:27 | Create | Villager (Male) |
| 4:27 | Create | Villager (Male) |
| 5:22 | Create | Villager (Male) |
| 6:48 | Create | Villager (Male) |
| 6:49 | Create | Villager (Male) |
| 7:26 | Build | Mill |
| 7:54 | Create | Villager (Male) |
| 8:13 | Research | Feudal Age |
| 8:25 | Build | Mill |
| 9:19 | Build | House |
| 9:21 | Build | House |
| 10:10 | Create | Villager (Male) |
| 10:29 | Age | Feudal Age |
| 10:38 | Build | Market |
| 10:52 | Create | Villager (Male) |
| 10:54 | Create | Villager (Male) |
| 11:15 | Build | Mining Camp |
| 11:19 | Create | Villager (Male) |
| 11:49 | Build | Blacksmith |
| 11:54 | Create | Villager (Male) |
| 12:41 | Build | Barracks |
| 12:49 | Create | Villager (Male) |
| 13:15 | Create | Villager (Male) |
| 13:19 | Build | Farm |
| 13:30 | Build | Mining Camp |
| 13:47 | Build | Farm |
| 13:50 | Create | Villager (Male) |
| 14:19 | Build | Farm |
| 14:42 | Research | Castle Age |
| 14:42 | Research | Castle Age |
| 14:42 | Research | Castle Age |
| 14:49 | Build | Farm |
| 14:51 | Build | Farm |
| 14:53 | Build | Farm |
| 14:56 | Build | Farm |
| 15:33 | Create | Spearman |
| 15:33 | Create | Spearman |
| 15:33 | Create | Spearman |
| 15:51 | Build | Farm |
| 16:14 | Build | Farm |
| 16:16 | Research | Horse Collar |
| 17:02 | Research | Forging |
| 17:11 | Create | Spearman |
| 17:15 | Create | Spearman |
| 17:22 | Age | Castle Age |
| 17:34 | Create | Villager (Male) |
| 17:34 | Create | Villager (Male) |
| 17:39 | Create | Villager (Male) |
| 17:51 | Build | House |
| 17:52 | Build | House |
| 17:54 | Build | House |
| 18:43 | Create | Villager (Male) |
| 18:44 | Create | Villager (Male) |
| 18:58 | Create | Villager (Male) |
| 19:12 | Build | Castle |
| 19:27 | Build | House |
| 19:40 | Build | Castle |
| 19:49 | Build | Castle |
| 20:04 | Research | Pikeman (upgrade) |
| 20:13 | Build | House |
| 20:38 | Create | Villager (Male) |
| 20:39 | Create | Villager (Male) |
| 20:39 | Create | Villager (Male) |
| 20:39 | Create | Villager (Male) |
| 21:25 | Build | Town Center |
| 21:28 | Create | Villager (Male) |
| 21:28 | Create | Villager (Male) |
| 21:45 | Build | Siege Workshop |
| 21:47 | Create | Hussite Wagon |
| 21:47 | Create | Hussite Wagon |
| 22:04 | Create | Villager (Male) |
| 22:17 | Research | Scale Mail Armor |
| 22:20 | Create | Battering Ram |
| 22:56 | Build | Stable |
| 23:28 | Create | Knight |
| 23:28 | Create | Knight |
| 23:42 | Build | Mill |
| 23:52 | Create | Battering Ram |
| 23:53 | Create | Battering Ram |
| 23:58 | Create | Hussite Wagon |
| 23:58 | Create | Hussite Wagon |
| 25:19 | Create | Hussite Wagon |
| 25:19 | Create | Hussite Wagon |
| 27:32 | Research | Squires |
| 27:39 | Build | Stone Wall |
| 27:51 | Create | Spearman |
| 27:51 | Create | Spearman |
| 27:52 | Create | Spearman |
| 27:52 | Create | Spearman |
| 27:52 | Create | Spearman |
| 29:06 | Create | Spearman |
| 29:07 | Create | Spearman |
| 29:07 | Create | Spearman |
| 29:07 | Create | Spearman |
| 29:15 | Build | Barracks |
| 29:22 | Build | House |
| 29:29 | Create | Spearman |
| 29:29 | Create | Spearman |
| 29:31 | Create | Hussite Wagon |
| 29:32 | Create | Hussite Wagon |
| 29:32 | Create | Hussite Wagon |
| 29:32 | Create | Hussite Wagon |
| 30:58 | Build | Barracks |
| 31:26 | Create | Spearman |
| 31:27 | Create | Spearman |
| 31:27 | Create | Spearman |
| 31:27 | Create | Spearman |
| 32:16 | Create | Spearman |
| 32:16 | Create | Spearman |
| 32:16 | Create | Spearman |
| 32:16 | Create | Spearman |
| 32:16 | Create | Spearman |
| 32:17 | Create | Spearman |
| 32:20 | Research | Iron Casting |
| 32:37 | Build | Barracks |
| 32:55 | Create | Spearman |
| 32:55 | Create | Spearman |
| 32:55 | Create | Spearman |
| 33:06 | Create | Spearman |
| 33:07 | Create | Spearman |
| 34:38 | Create | Spearman |
| 34:38 | Create | Spearman |
| 34:38 | Create | Spearman |
| 34:39 | Create | Spearman |
| 34:39 | Create | Spearman |
| 34:47 | Build | Market |
Build order — Raposao_SP
First 150 of 297 actions detected
| 0:02 | Create | Villager (Male) |
| 0:02 | Create | Villager (Male) |
| 0:02 | Create | Villager (Male) |
| 0:04 | Build | House |
| 0:05 | Build | House |
| 0:34 | Create | Villager (Male) |
| 1:29 | Create | Villager (Male) |
| 1:49 | Build | Lumber Camp |
| 1:56 | Create | Villager (Male) |
| 1:57 | Create | Villager (Male) |
| 2:25 | Create | Villager (Male) |
| 2:25 | Create | Villager (Male) |
| 2:35 | Build | House |
| 2:54 | Create | Villager (Male) |
| 2:55 | Create | Villager (Male) |
| 3:17 | Create | Villager (Male) |
| 3:17 | Create | Villager (Male) |
| 3:40 | Create | Villager (Male) |
| 3:41 | Create | Villager (Male) |
| 3:56 | Build | House |
| 4:05 | Create | Villager (Male) |
| 4:06 | Create | Villager (Male) |
| 4:41 | Create | Villager (Male) |
| 5:02 | Create | Villager (Male) |
| 5:03 | Create | Villager (Male) |
| 5:03 | Create | Villager (Male) |
| 5:22 | Build | Mill |
| 5:24 | Create | Villager (Male) |
| 6:33 | Create | Villager (Male) |
| 7:06 | Create | Villager (Male) |
| 7:07 | Create | Villager (Male) |
| 7:07 | Create | Villager (Male) |
| 7:07 | Create | Villager (Male) |
| 7:18 | Build | House |
| 7:24 | Create | Villager (Male) |
| 7:31 | Build | Barracks |
| 7:34 | Build | House |
| 7:37 | Create | Villager (Male) |
| 8:18 | Create | Villager (Male) |
| 8:18 | Create | Villager (Male) |
| 8:55 | Build | Mining Camp |
| 10:16 | Research | Feudal Age |
| 10:21 | Create | Villager (Male) |
| 10:22 | Create | Villager (Male) |
| 10:22 | Create | Villager (Male) |
| 10:25 | Build | House |
| 10:25 | Build | House |
| 10:27 | Build | House |
| 11:09 | Create | Villager (Male) |
| 11:10 | Create | Villager (Male) |
| 11:22 | Create | Villager (Male) |
| 11:32 | Create | Militia |
| 11:33 | Create | Militia |
| 11:33 | Create | Militia |
| 11:48 | Build | Farm |
| 11:49 | Build | Farm |
| 11:59 | Build | Farm |
| 12:08 | Build | Farm |
| 12:16 | Build | House |
| 12:17 | Build | House |
| 12:18 | Build | House |
| 12:34 | Build | Lumber Camp |
| 12:49 | Build | Farm |
| 12:50 | Build | Farm |
| 12:56 | Build | Farm |
| 12:58 | Build | Farm |
| 13:10 | Research | Feudal Age |
| 13:39 | Build | Farm |
| 13:40 | Build | Farm |
| 15:20 | Age | Feudal Age |
| 16:01 | Research | Man-at-Arms (upgrade) |
| 16:05 | Build | Blacksmith |
| 16:15 | Build | Stable |
| 16:26 | Create | Villager (Male) |
| 16:26 | Create | Villager (Male) |
| 16:26 | Create | Villager (Male) |
| 17:09 | Build | Farm |
| 17:09 | Build | Farm |
| 17:10 | Build | Farm |
| 17:12 | Build | Farm |
| 17:14 | Build | Farm |
| 17:20 | Research | Castle Age |
| 17:53 | Build | Stable |
| 17:54 | Build | Stable |
| 17:56 | Build | Stable |
| 17:59 | Research | Double-Bit Axe |
| 18:12 | Build | House |
| 18:13 | Build | House |
| 18:13 | Build | House |
| 18:14 | Build | House |
| 18:14 | Build | House |
| 18:14 | Build | House |
| 18:14 | Build | House |
| 18:17 | Build | House |
| 18:49 | Research | Forging |
| 18:58 | Build | Farm |
| 18:59 | Build | Farm |
| 19:03 | Research | Gold Mining |
| 19:05 | Create | Villager (Male) |
| 19:05 | Create | Villager (Male) |
| 20:01 | Age | Castle Age |
| 20:10 | Build | Town Center |
| 20:14 | Build | Town Center |
| 20:27 | Research | Husbandry |
| 20:28 | Research | Iron Casting |
| 20:31 | Create | Villager (Male) |
| 20:31 | Create | Villager (Male) |
| 20:38 | Build | Siege Workshop |
| 20:42 | Create | Knight |
| 20:42 | Create | Knight |
| 20:46 | Build | Farm |
| 20:55 | Build | Farm |
| 21:01 | Build | Farm |
| 21:09 | Create | Villager (Male) |
| 21:10 | Create | Villager (Male) |
| 21:10 | Create | Villager (Male) |
| 21:28 | Create | Villager (Male) |
| 21:28 | Create | Villager (Male) |
| 21:28 | Create | Villager (Male) |
| 21:42 | Create | Villager (Male) |
| 21:43 | Create | Villager (Male) |
| 21:51 | Create | Villager (Male) |
| 21:52 | Create | Villager (Male) |
| 22:01 | Build | Farm |
| 22:02 | Build | Farm |
| 22:03 | Build | Farm |
| 22:04 | Build | Farm |
| 22:05 | Create | Villager (Male) |
| 22:06 | Create | Villager (Male) |
| 22:18 | Create | Battering Ram |
| 22:27 | Research | Scale Barding Armor |
| 22:27 | Research | Scale Barding Armor |
| 22:34 | Create | Villager (Male) |
| 22:51 | Build | Mining Camp |
| 22:59 | Create | Knight |
| 23:00 | Create | Knight |
| 23:00 | Create | Knight |
| 23:16 | Create | Villager (Male) |
| 23:16 | Create | Villager (Male) |
| 23:16 | Create | Villager (Male) |
| 23:17 | Create | Villager (Male) |
| 23:17 | Create | Villager (Male) |
| 23:35 | Create | Villager (Male) |
| 23:36 | Create | Villager (Male) |
| 23:36 | Create | Villager (Male) |
| 23:51 | Create | Battering Ram |
| 23:52 | Create | Battering Ram |
| 24:00 | Research | Pikeman (upgrade) |
| 24:03 | Create | Villager (Male) |
| 24:03 | Create | Villager (Male) |
Build order — tldr(crispy_burrito69)
65 actions detected in the replay
| 0:01 | Create | Villager (Male) |
| 0:01 | Create | Villager (Male) |
| 0:04 | Build | House |
| 0:07 | Build | House |
| 0:15 | Create | Villager (Male) |
| 0:15 | Create | Villager (Male) |
| 0:15 | Create | Villager (Male) |
| 1:46 | Create | Villager (Male) |
| 1:46 | Create | Villager (Male) |
| 2:05 | Create | Villager (Male) |
| 2:05 | Create | Villager (Male) |
| 2:18 | Build | Lumber Camp |
| 2:36 | Create | Villager (Male) |
| 2:36 | Create | Villager (Male) |
| 2:36 | Create | Villager (Male) |
| 2:36 | Create | Villager (Male) |
| 3:27 | Create | Villager (Male) |
| 3:27 | Create | Villager (Male) |
| 3:27 | Create | Villager (Male) |
| 3:27 | Create | Villager (Male) |
| 3:27 | Create | Villager (Male) |
| 3:27 | Create | Villager (Male) |
| 3:27 | Create | Villager (Male) |
| 3:27 | Create | Villager (Male) |
| 3:27 | Create | Villager (Male) |
| 3:27 | Create | Villager (Male) |
| 3:28 | Create | Villager (Male) |
| 3:28 | Create | Villager (Male) |
| 3:28 | Create | Villager (Male) |
| 3:30 | Create | Villager (Male) |
| 3:30 | Create | Villager (Male) |
| 3:30 | Create | Villager (Male) |
| 3:30 | Create | Villager (Male) |
| 3:30 | Create | Villager (Male) |
| 3:30 | Create | Villager (Male) |
| 3:30 | Create | Villager (Male) |
| 3:30 | Create | Villager (Male) |
| 3:30 | Create | Villager (Male) |
| 3:30 | Create | Villager (Male) |
| 3:30 | Create | Villager (Male) |
| 3:30 | Create | Villager (Male) |
| 3:30 | Create | Villager (Male) |
| 3:30 | Create | Villager (Male) |
| 3:30 | Create | Villager (Male) |
| 3:30 | Create | Villager (Male) |
| 3:30 | Create | Villager (Male) |
| 3:31 | Create | Villager (Male) |
| 3:31 | Create | Villager (Male) |
| 3:31 | Create | Villager (Male) |
| 3:31 | Create | Villager (Male) |
| 3:31 | Create | Villager (Male) |
| 3:31 | Create | Villager (Male) |
| 3:31 | Create | Villager (Male) |
| 3:31 | Create | Villager (Male) |
| 3:31 | Create | Villager (Male) |
| 3:31 | Create | Villager (Male) |
| 3:31 | Create | Villager (Male) |
| 3:31 | Create | Villager (Male) |
| 3:31 | Create | Villager (Male) |
| 3:31 | Create | Villager (Male) |
| 3:31 | Create | Villager (Male) |
| 3:31 | Create | Villager (Male) |
| 3:31 | Create | Villager (Male) |
| 3:31 | Create | Villager (Male) |
| 3:31 | Create | Villager (Male) |
Match timeline
| 5:20 | tldr(crispy_burrito69) · resign |
| 7:31 | Raposao_SP · first_building Barracks |
| 10:12 | matejzrno55 · age_up feudal |
| 10:29 | Calamar100pre · age_up feudal |
| 11:12 | dhl · age_up feudal |
| 12:38 | KetamineKNakker · age_up feudal |
| 12:41 | Calamar100pre · first_building Barracks |
| 12:56 | Kindy · age_up feudal |
| 15:20 | Raposao_SP · age_up feudal |
| 15:40 | mnich_bor · age_up feudal |
| 15:52 | dhl · first_market_buy 100 food |
| 16:15 | Raposao_SP · first_building Stable |
| 16:19 | mnich_bor · first_building Barracks |
| 16:24 | matejzrno55 · first_market_buy 100 food |
| 17:22 | Calamar100pre · age_up castle |
| 17:27 | mnich_bor · first_building Stable |
| 18:12 | dhl · first_building Barracks |
| 18:38 | dhl · age_up castle |
| 18:38 | Kindy · first_building Barracks |
| 18:41 | KetamineKNakker · age_up castle |
| 19:07 | matejzrno55 · age_up castle |
| 19:12 | Calamar100pre · first_building Castle |
| 19:56 | dhl · first_building Castle |
| 20:01 | Raposao_SP · age_up castle |
| 20:27 | Kindy · wall_segment Stone Wall x1 |
| 20:33 | Kindy · wall_segment Stone Wall x1 |
| 20:38 | Raposao_SP · first_building Siege Workshop |
| 20:56 | KetamineKNakker · first_market_buy 100 stone |
| 21:00 | Kindy · wall_segment Stone Wall x4 |
| 21:18 | Kindy · age_up castle |
| 21:45 | Calamar100pre · first_building Siege Workshop |
| 21:53 | Kindy · first_building Castle |
| 22:05 | mnich_bor · age_up castle |
| 22:14 | Kindy · first_market_buy 100 wood |
| 22:16 | KetamineKNakker · first_market_sell 100 wood |
| 22:56 | Calamar100pre · first_building Stable |
| 23:29 | matejzrno55 · first_building Castle |
| 23:40 | Kindy · first_building Siege Workshop |
| 23:52 | Kindy · wall_segment Stone Wall x8 |
| 25:03 | Kindy · wall_segment Stone Wall x7 |
| 25:13 | Kindy · wall_segment Stone Wall x8 |
| 25:56 | KetamineKNakker · first_building Monastery |
| 26:15 | Kindy · first_market_sell 100 food |
| 27:09 | mnich_bor · first_building Castle |
| 27:39 | Calamar100pre · wall_segment Stone Wall x6 |
| 29:42 | KetamineKNakker · first_building Barracks |
| 30:10 | matejzrno55 · first_building Siege Workshop |
| 30:14 | matejzrno55 · first_building Barracks |
| 30:48 | KetamineKNakker · first_building Stable |
| 31:20 | KetamineKNakker · age_up imperial |
| 32:35 | KetamineKNakker · first_building Castle |
| 32:50 | matejzrno55 · age_up imperial |
| 32:57 | mnich_bor · age_up imperial |
| 33:38 | dhl · first_market_sell 100 wood |
| 36:56 | dhl · age_up imperial |
| 40:10 | Calamar100pre · tribute_sent a jugador 1 |
| 40:10 | Calamar100pre · tribute_sent a jugador 2 |
| 40:10 | Calamar100pre · tribute_sent a jugador 3 |
| 40:10 | Calamar100pre · tribute_sent a jugador 4 |
| 40:10 | Calamar100pre · tribute_sent a jugador 5 |
| 40:10 | Calamar100pre · tribute_sent a jugador 7 |
| 40:10 | Calamar100pre · tribute_sent a jugador 8 |
| 40:30 | Raposao_SP · first_building Castle |
[ AI ANALYSIS · 1 CREDIT ]
What really happened in this match?
Wolo.gg analyzes every decision: build order, eco, micro, common mistakes by bracket. Personalized analysis on WhatsApp or Discord in 30 seconds.
Civ guide
Burgundians
Map guide
Arena
Perfil
KetamineKNakker